 Dungeon Crawl Stone Soup version 0.27.1-3-gb3d3a73c9e (webtiles) character file.

Game seed: 18331797412065728906

86 oldmanjim the Grasshopper (level 4, -1/37 HPs)
             Began as a Palentonga Warper on Oct 5, 2021.
             Killed from afar by an orc wizard (4 damage)
             ... with a magic dart
             ... on level 3 of the Dungeon.
             The game lasted 00:13:32 (2655 turns).

oldmanjim the Grasshopper (Palentonga Warper)       Turns: 2655, Time: 00:13:33

Health: -1/37      AC:  5    Str: 16    XL:     4   Next: 26%
Magic:  7/7        EV:  9    Int: 13    God:
Gold:   120        SH:  0    Dex:  9    Spells: 7/7 levels left

rFire    . . .     SeeInvis +   a - +0 short sword (speed)
rCold    . . .     Faith    .   (no shield)
rNeg     . . .     Spirit   .   b - +0 leather armour
rPois    .         Reflect  .   (no helmet)
rElec    .         Harm     .   e - +0 cloak
rCorr    .         Rampage  .   (no gloves)
Will     .....                  (no barding)
Stlth    +.........             (no amulet)
HPRegen  0.12/turn              (no ring)
MPRegen  0.10/turn              (no ring)

@: no status effects
A: large, rugged brown scales 3, see invisible, deformed body, roll 1, armoured
tail
a: Rolling Charge


You were on level 3 of the Dungeon.
You visited 1 branch of the dungeon, and saw 3 of its levels.

You collected 120 gold pieces.

Inventory:

Hand Weapons
 a - a +0 short sword of speed (weapon)
 f - a +0 hand axe
 h - a +0 war axe
Missiles
 d - 5 boomerangs of dispersal
 g - 84 stones (quivered)
Armour
 b - a +0 leather armour (worn)
 e - a +0 cloak (worn)
Scrolls
 c - a scroll of blinking
 j - a scroll of fog {unknown}
Potions
 i - a potion of might {unknown}


   Skills:
 + Level 3.0 Fighting
 + Level 3.1 Axes
 - Level 0.6 Throwing
 - Level 0.7 Armour
 - Level 1.5 Dodging
 - Level 2.0 Spellcasting
 + Level 3.8 Translocations


You had 7 spell levels left.
You didn't know any spells.
Your spell library contained the following spells:

 Spells                   Type           Power      Damage    Failure   Level
 Blink                    Tloc           N/A        N/A       10%         2
 Gell's Gravitas          Tloc           5%         N/A       19%         3
 Lesser Beckoning         Tloc           5%         N/A       19%         3
 Teleport Other           Tloc           11%        N/A       19%         3
 Manifold Assault         Tloc           11%        N/A       87%         5
 Dispersal                Tloc           5%         N/A       100%        6


Dungeon Overview and Level Annotations

Branches:
Dungeon (3/15)

Altars:
Wu Jian


Innate Abilities, Weirdness & Mutations

You are completely covered in rugged brown scales. (AC +3, +7% HP)
You have supernaturally acute eyesight. (SInv)
Armour fits poorly on your strangely shaped body.
You can roll at nearby foes to attack.
You have a long armoured tail.


Message History

You are poisoned.
The orc wizard closely misses you.
You hit the orc wizard but do no damage.
The orc wizard is moderately wounded.
You feel very sick.
The orc hits you with a +1 dagger of venom.
You are more poisoned.
You hit the orc wizard.
The orc wizard is heavily wounded.
You feel very sick. The orc wizard closely misses you.
The orc barely misses you.
You closely miss the orc wizard.
The orc wizard is heavily wounded.
You feel very sick.
The orc wizard hits you but does no damage.
You hit the orc wizard but do no damage.
The orc wizard is heavily wounded.
You feel sick. The orc closely misses you.
The orc wizard hits you with a +0 dagger.
You feel sick.
You closely miss the rat.
You feel sick. The rat barely misses you. The orc hits you but does no damage.
You hit the rat but do no damage.
You feel sick. The rat closely misses you.
You closely miss the rat.
You tail-slap the rat, but do no damage.
You feel sick. The rat closely misses you.
You hit the rat.
You kill the rat!
The orc wizard gestures at you while chanting.
The magic dart hits you.
* * * LOW HITPOINT WARNING * * *
You feel sick.
You feel sick.
You feel sick.
You feel sick.
You feel sick.
You are no longer poisoned.
The orc wizard gestures at you while chanting.
The magic dart hits you.
You die...

#. #$# #!# # #. #.# #
###. ###.# . # .....
.... ... .$...
....###.##########.....
.##.$
........)o.ooo.@.......
.....
..#..#.#########......
..... #...........
##### .....
#........... #####
##....o.....
....(.......
#.##..(...... #.
'.>.(..... # #.........


You could see an orc wizard (invisible) and 3 orcs.

Vanquished Creatures
  3 adders (D:2)
  A worm (D:2)
  3 dart slugs (D:2)
  2 orcs (D:3)
  3 bats
  2 endoplasms
  2 giant cockroaches
  2 goblins
  8 hobgoblins
  A quokka (D:1)
  3 ball pythons
  4 frilled lizards
  9 kobolds (D:1)
  5 rats
48 creatures vanquished.

Vanquished Creatures (others)
  10 plants (D:1)
10 creatures vanquished.

Grand Total: 58 creatures vanquished

Notes
Turn   | Place    | Note
-------+----------+-------------------------------------------
     0 | D:1      | oldmanjim the Palentonga Warper began the quest for the
                  | Orb.
     0 | D:1      | Reached XP level 1. HP: 17/17 MP: 3/3
   365 | D:1      | Reached XP level 2. HP: 20/23 MP: 5/5
  1173 | D:1      | Found a faded altar of an unknown god.
  1267 | D:1      | Reached XP level 3. HP: 27/29 MP: 6/6
  2157 | D:2      | Reached XP level 4. HP: 33/36 MP: 7/7
  2190 | D:2      | Found an ornate altar of the Wu Jian Council.
  2655 | D:3      | Killed from afar by an orc wizard

Illustrated notes

Levels and vault maps discovered:
D:1:      dpeg_arrival_pond, layout_loops_ring,
          hellmonk_ecumenical_altar_pennies_from_heaven, lexackson_kobold_supper
D:2:      layout_basic, basic_altar, hangedman_decor_clover_reticule,
          nrook_uturn, minmay_tetromino_i2
D:3:      layout_basic

Skill      XL: |  1  2  3  4 |
---------------+-------------+-----
Axes           | 3 |  3.1
Fighting       | 3 |  3.0
Throwing       | |  0.6
Armour         | |  0.7
Dodging        | |  1.5
Spellcasting   | |  2.0
Translocations | |  3.8

Action                   |  1- 3 |  4- 6 || total
-------------------------+-------+-------++-------
Melee: Hand axe          |    52 |       ||    52
       Tailslap          |    13 |     6 ||    19
       Short sword       |    69 |    46 ||   115
Throw: Stone             |    11 |     3 ||    14
 Abil: Rolling Charge    |     6 |       ||     6
  Use: Scroll            |     3 |       ||     3
Armor: Leather armour    |    40 |     9 ||    49
Dodge: Dodged            |    36 |    21 ||    57
